 Dungeon Crawl Stone Soup version 0.23.2-40-g277498a001 (webtiles) character file.

Game seed: 4062108126236377294

2247 Martska the Nimble (level 9, -8/69 HPs)
             Began as a Merfolk Ice Elementalist on Oct 11, 2019.
             Was a Follower of Okawaru.
             Killed by divine providence
             ... invoked by an orc priest
              (11 damage)
             ... on level 11 of the Dungeon.
             The game lasted 00:36:09 (10055 turns).

Martska the Nimble (Merfolk Ice Elementalist)      Turns: 10055, Time: 00:36:10

Health: -8/69      AC:  3    Str: 13    XL:     9   Next: 37%
Magic:  8/15       EV: 17    Int: 14    God:    Okawaru [*.....]
Gold:   234        SH:  0    Dex: 17    Spells: 6/16 levels left

rFire    + . .     SeeInvis .   o - +2 trident
rCold    . . .     Gourm    .   (no shield)
rNeg     . . .     Faith    .   p - +0 leather armour
rPois    .         Spirit   .   (no helmet)
rElec    .         Reflect  .   (no cloak)
rCorr    .         Harm     .   (no gloves)
MR       .....                  (no boots)
Stlth    ++........             (no amulet)
HPRegen  0.21/turn              m - +4 ring of strength
MPRegen  0.14/turn              C - ring of protection from fire

@: flying
A: change form in water, swift swim, stealthy swim
a: Heroism, Renounce Religion


You were on level 11 of the Dungeon.
You worshipped Okawaru.
Okawaru was aware of your devotion.
You were not hungry.

You visited 2 branches of the dungeon, and saw 10 of its levels.
You also visited: Sewer.

You collected 309 gold pieces.
You spent 75 gold pieces at shops.

Inventory:

Hand Weapons
 d - a +0 club
 e - a +0 dagger
 g - a +2 flail of protection
 n - a +0 short sword
 o - a +2 trident (weapon)
Missiles
 t - 36 poisoned needles
Armour
 a - a +0 robe
 p - a +0 leather armour (worn)
Jewellery
 b - an uncursed ring of fire
 l - an uncursed ring of teleportation
 m - a +4 ring of strength (left hand)
 C - a ring of protection from fire (right hand)
Wands
 i - a wand of acid (4)
Scrolls
 v - a scroll of remove curse
 x - a scroll of magic mapping
 y - a scroll of fog
 z - 2 scrolls of amnesia
Potions
 f - 2 potions of brilliance
 h - a potion of lignification
 j - a potion of berserk rage
 k - a potion of ambrosia
 q - a potion of curing
 u - a potion of agility
 w - a potion of haste
Miscellaneous
 r - a crystal ball of energy
Comestibles
 c - 4 rations


   Skills:
 * Level 6.1 Fighting
 * Level 7.3 Polearms
 * Level 8.1 Dodging
 - Level 3.3 Stealth
 + Level 4.1 Spellcasting
 - Level 0.7 Conjurations
 + Level 4.2 Charms
 + Level 5.4 Ice Magic


You had 6 spell levels left.
You knew the following spells:

 Your Spells              Type           Power        Failure   Level  Hunger
a - Freeze                Ice            ###.         2%          1    None
b - Throw Frost           Conj/Ice       ##....       11%         2    ##.....
c - Ozocubu's Armour      Chrm/Ice       ###.....     10%         3    ###....
d - Summon Ice Beast      Ice/Summ       ##......     63%         4    ####...

Your spell library contained the following spells:

 Spells                   Type           Power        Failure   Level  Hunger
 Magic Dart               Conj           #...         19%         1    None
 Searing Ray              Conj           #.....       26%         2    ##.....
 Dazzling Spray           Conj/Hex       #.....       54%         3    ###....
 Throw Icicle             Conj/Ice       ##......     56%         4    ####...
 Iskenderun's Mystic Bla  Conj           #.......     87%         4    ####...
 Force Lance              Conj/Tloc      #.......     91%         4    ####...
 Fulminant Prism          Conj/Hex       #.........   91%         4    ####...


Dungeon Overview and Level Annotations

Branches:
Dungeon (11/15)            Temple (1/1) D:5            Lair (0/6) D:11
    Orc: D:9-12

Altars:
Ashenzari
Cheibriados
Dithmenos
Fedhas
Gozag
Hepliaklqana
Kikubaaqudgha
Makhleb
Nemelex Xobeh
Okawaru
Qazlal
Ru
Sif Muna
Vehumet
Wu Jian
Xom
Yredelemnul
Zin
The Shining One

Shops:
D:5 *   D:10 *


Message History

The warg howls!
An orc warrior comes into view.
It is wielding a +0 war axe and wearing a +1 plate armour of cold resistance.
The orc warrior shouts!
An orc comes into view.
The orc shouts!
An orc priest comes into view.
The orc priest shouts!
You hear a shout! x3
A warg comes into view.
A wight comes into view. It is wielding a +0 halberd.
The warg misses you.
The warg stops to sniff the ground.
A wight comes into view. It is wielding a +2 dagger.
You hear a shout!
You hear an angry hiss.
Found a ration and 21 bolts.
Found a staircase to the Lair.
An orc comes into view. It is wielding a +0 trident.
The warg bites you!
* * * LOW HITPOINT WARNING * * *
The orc priest mumbles some strange prayers to Beogh against you.
Beogh smites you!
You die...

##.. ...# ##...#
####.(.##
##.....##.......#
#.......#.......#
#.......#........
.zPo..o.........$
....oh.h.........
....zo...@.......
.....o...#.......
......P..##....#.
#....o..#. ....#
#.......#.. .....
##.....##.%......
##...# ........
...# ........


You could see 2 wargs, an orc warrior, a wight, 3 orc priests and 2 orcs.

Vanquished Creatures
  An orc warrior (D:6)
  3 sky beasts
  A black bear (D:10)
  An ogre (D:5)
  An ice beast (D:6)
  A necrophage (D:5)
  A centaur (D:5)
  7 bullfrogs
  A scorpion (D:4)
  2 crimson imps
  A hound (D:4)
  2 orc priests
  A bullfrog skeleton (D:9)
  3 jellies (D:5)
  3 centaur skeletons
  5 iguanas
  4 orc wizards
  4 worker ants
  8 adders
  A river rat (D:3)
  2 shadow imps (D:5)
  2 oozes
  2 adder skeletons
  2 worms
  7 dart slugs
  11 leopard geckos
  21 orcs
  A ball python (D:3)
  9 bats
  9 giant cockroaches
  9 goblins
  6 hobgoblins
  8 jackals
  A quokka (D:3)
  15 frilled lizards
  6 kobolds
  10 rats
172 creatures vanquished.

Vanquished Creatures (others)
  An orc (D:6)
1 creature vanquished.

Grand Total: 173 creatures vanquished

Notes
Turn   | Place    | Note
-------+----------+-------------------------------------------
     0 | D:1      | Martska the Merfolk Ice Elementalist began the quest for
                  | the Orb.
     0 | D:1      | Reached XP level 1. HP: 13/13 MP: 3/3
   282 | D:1      | Reached skill level 3 in Dodging
   290 | D:1      | Reached XP level 2. HP: 16/20 MP: 1/5
   459 | D:1      | Reached skill level 1 in Fighting
  1131 | D:1      | Reached XP level 3. HP: 20/26 MP: 6/6
  1264 | D:2      | Learned a level 2 spell: Throw Frost
  1268 | D:2      | Learned a level 3 spell: Ozocubu's Armour
  1632 | D:2      | Reached XP level 4. HP: 31/33 MP: 3/7
  1724 | D:2      | Found a shimmering altar of Xom.
  1724 | D:2      | Found a shimmering altar of Xom.
  1725 | D:2      | Found a shimmering altar of Xom.
  2094 | D:2      | Reached skill level 4 in Dodging
  2842 | D:3      | Found a glowing drain.
  2971 | Sewer    | Entered a sewer
  2976 | Sewer    | Reached XP level 5. HP: 39/39 MP: 5/8
  3101 | Sewer    | Reached skill level 1 in Polearms
  3110 | Sewer    | Reached XP level 6. HP: 13/47 MP: 0/10
  3527 | D:3      | Learned a level 4 spell: Summon Ice Beast
  3762 | D:3      | Reached skill level 5 in Dodging
  4937 | D:4      | Reached XP level 7. HP: 39/52 MP: 9/11
  5230 | D:4      | Reached skill level 1 in Charms
  5608 | D:5      | Entered Level 5 of the Dungeon
  6038 | D:5      | Found Dimuh's Assorted Antiques.
  6046 | D:5      | Bought a scroll of identify for 50 gold pieces
  6046 | D:5      | Bought a scroll labeled URRAYR OGIU for 25 gold pieces
  6072 | D:5      | Found a staircase to the Ecumenical Temple.
  6102 | D:5      | Found a burning altar of Makhleb.
  6130 | D:5      | Reached skill level 6 in Dodging
  6143 | Temple   | Entered the Ecumenical Temple
  6202 | Temple   | Became a worshipper of Warmaster Okawaru
  6693 | D:5      | Reached XP level 8. HP: 6/59 MP: 6/12
  7492 | D:5      | Reached skill level 5 in Polearms
  7958 | D:6      | Reached skill level 5 in Fighting
  8435 | D:6      | Reached skill level 7 in Dodging
  8539 | D:6      | Found a stormy altar of Qazlal.
  8546 | D:6      | Reached * piety under Okawaru
  8629 | D:6      | Reached skill level 5 in Ice Magic
  8646 | D:6      | Reached XP level 9. HP: 28/68 MP: 10/14
  9194 | D:6      | Found a snail-covered altar of Cheibriados.
  9598 | D:6      | Found a sacrificial altar of Ru.
  9685 | D:6      | You fall through a shaft for 3 floors!
  9858 | D:9      | You fall through a shaft!
  9858 | D:10     | Entered Level 10 of the Dungeon
  9921 | D:10     | Found Igiyposyst's Assorted Antiques.
  9958 | D:10     | Reached skill level 8 in Dodging
 10047 | D:11     | Noticed a two-headed ogre
 10053 | D:11     | Found a staircase to the Lair.
 10054 | D:11     | HP: 3/69 [warg (14)]
 10055 | D:11     | Killed from afar by an orc priest

Skill      XL: |  1  2  3  4  5  6  7  8  9 |
---------------+----------------------------+-----
Dodging        | 3 4 5 6 7 8 |  8.1
Fighting       | 1 2 3 4 5 6 |  6.1
Stealth        | 3 |  3.3
Polearms       | 2 3 4 6 7 |  7.3
Ice Magic      | 4 5 |  5.4
Charms         | 2 3 4 |  4.2
Spellcasting   | 3 4 |  4.1
Conjurations   | |  0.7

Action                   |  1- 3 |  4- 6 |  7- 9 || total
-------------------------+-------+-------+-------++-------
Melee: Dagger            |    54 |       |       ||    54
       Club              |     1 |       |       ||     1
       Short sword       |    44 |    29 |       ||    73
       Trident           |       |   106 |   201 ||   307
       Tailslap          |       |     5 |     1 ||     6
 Cast: Freeze            |    32 |    59 |   108 ||   199
       Throw Frost       |       |    21 |    34 ||    55
       Ozocubu's Armour  |       |     1 |     6 ||     7
  Use: Scroll            |     1 |     7 |     9 ||    17
       Potion            |       |     1 |     8 ||     9
 Stab: Sleeping          |     4 |     8 |     2 ||    14
       Distracted        |       |       |     1 ||     1
  Eat: Ration            |     1 |     3 |     5 ||     9
       Chunk             |       |     4 |     1 ||     5
Armor: Robe              |    22 |    12 |       ||    34
       Leather armour    |       |    20 |    44 ||    64
       Skin              |       |     6 |       ||     6
Dodge: Dodged            |    88 |   144 |   245 ||   477
